 Dungeon Crawl Stone Soup version 0.31-a0-986-g5e6e4ef867 (webtiles) character file.

Game seed: 10219509612034862231

4629 Ekaitz the Zephyrmancer (level 10, -2/59 HPs)
             Began as a Tengu Air Elementalist on Nov 16, 2023.
             Was a Follower of Vehumet.
             Slain by a wyvern (17 damage)
             ... on level 8 of the Dungeon.
             The game lasted 00:18:45 (10356 turns).

Ekaitz the Zephyrmancer (Tengu Air Elementalist)   Turns: 10356, Time: 00:18:46

Health: -2/59      AC:  3    Str:  9    XL:     10   Next: 42%
Magic:  13/19      EV: 18    Int: 18    God:    Vehumet [*.....]
Gold:   401        SH:  0    Dex: 16    Spells: 4/20 levels left

rFire   . . .        a - +2 dagger (venom)
rCold   + . .        (no shield)
rNeg    . . .        K - +0 leather armour {rC+}
rPois   .            R - +0 hat {SInv}
rElec   .            H - scarf {+Inv}
rCorr   .            (no gloves)
SInv    +            (boots unavailable)
Will    .....        (no amulet)
Stlth   ++           (no ring)
HPRegen 0.29/turn    (no ring)
MPRegen 0.16/turn

%: acrobat
@: flying, slowed, very slow
A: beak, talons 3, evasive flight, acrobatic
a: Renounce Religion, Evoke Invisibility


You were on level 8 of the Dungeon.
You worshipped Vehumet.
Vehumet was aware of your devotion.
You visited 2 branches of the dungeon, and saw 10 of its levels.
You also visited: Sewer.

You collected 401 gold pieces.

Inventory:

Hand Weapons
 a - a +2 dagger of venom (weapon)
 b - a +0 dagger of freezing
 c - a +4 trident of draining
 l - a +3 quarterstaff of draining
 w - a +0 short sword of holy wrath
 B - a +4 halberd
 L - a +3 whip of electrocution
 O - a +2 short sword of electrocution
Missiles
 e - 23 poisoned darts
 p - 10 javelins
 v - 3 curare-tipped darts
Armour
 G - an orb of energy
 H - a scarf of invisibility (worn)
 K - a +0 leather armour of cold resistance (worn)
 P - a scarf of shadows
 R - a +0 hat of see invisible (worn)
Magical Staves
 m - a staff of death
Talismans
 i - a beast talisman
Wands
 C - a wand of quicksilver (5)
 F - a wand of roots (5)
 N - a wand of digging (7)
 Q - a wand of mindburst (1)
Scrolls
 f - 3 scrolls of immolation {unknown}
 j - a scroll of blinking {unknown}
 k - 5 scrolls of identify {unknown}
 q - 3 scrolls of enchant armour {unknown}
 r - a scroll of amnesia {unknown}
 s - 2 scrolls of fear {unknown}
 u - a scroll of revelation {unknown}
 y - 3 scrolls of enchant weapon {unknown}
 z - a scroll of teleportation {unknown}
 A - a scroll of poison {unknown}
 D - a scroll of brand weapon {unknown}
 E - 2 scrolls of fog {unknown}
 I - 3 scrolls of noise {unknown}
Potions
 d - 3 potions of enlightenment
 g - 6 potions of brilliance {unknown}
 h - 4 potions of magic
 n - 3 potions of invisibility {unknown}
 o - 2 potions of heal wounds
 t - a potion of curing
 x - a potion of berserk rage {unknown}
 J - a potion of resistance {unknown}
 M - a potion of attraction {unknown}
 S - a potion of cancellation {unknown}


   Skills:
 * Level 5.4 Fighting
 + Level 2.1 Short Blades
 + Level 0.8 Throwing
 + Level 1.9 Armour
 * Level 6.4 Dodging
 + Level 3.2 Stealth
 + Level 5.8 Spellcasting
 + Level 6.1 Conjurations
 * Level 3.4 Summonings
 * Level 3.1 Translocations
 * Level 10.8 Air Magic
 + Level 0.1 Evocations


You had 4 spell levels left.
You knew the following spells:

 Your Spells              Type           Power      Damage    Failure   Level
a - Shock                 Conj/Air       100%       1d9       1%          1
b - Static Discharge      Conj/Air       70%        3-6/arc   1%          2
c - Summon Lightning Spi  Summ/Air       30%        N/A       9%          4
d - Airstrike             Air            22%        2d(4-20)  1%          4
k - Blink                 Tloc           32%        N/A       7%          2
w - Swiftness             Air            44%        N/A       1%          3

Your spell library contained the following spells:

 Spells                   Type           Power      Damage    Failure   Level
 Freeze                   Ice            20%        1d4       17%         1
 Gell's Gravitas          Tloc           16%        N/A       14%         3
 Teleport Other           Tloc           16%        N/A       14%         3
 Manifold Assault         Tloc           16%        N/A       41%         4
 Dispersal                Tloc           8%         N/A       100%        6


Dungeon Overview and Level Annotations

Branches:
Dungeon (9/15)             Temple (1/1) D:5           Sewer (visited)
   Lair: D:8-11         Orc: D:9-12

Altars:
Ashenzari
Cheibriados
Dithmenos
Elyvilon
Fedhas
Gozag
Hepliaklqana
Kikubaaqudgha
Makhleb
Nemelex Xobeh
Okawaru
Qazlal
Ru
Sif Muna
Trog
Uskayaw
Vehumet
Wu Jian
Xom
Yredelemnul
Zin
The Shining One

Shops:
D:8 (


Innate Abilities, Weirdness & Mutations

You have a beak for a mouth.
You have claws for feet.
Your magical flight helps you evade attacks. (EV +4)
You can magically evade attacks while moving or waiting.


Message History

Your Short Blades skill increases to level 2!
Unknown command.
Unknown command.
The killer bee closely misses you. The wraith hits you!
The wraith drains your vigour!
You feel yourself slow down. The wyvern barely misses you.
The killer bee stings you.
You are poisoned.
The killer bee poisons you! The killer bee barely misses you.
You fly upwards.
You feel very sick.
There is a stone staircase leading down here.
Casting: Static Discharge (safe; 1% risk of failure)
Confirm with . or Enter, or press ? or * to list all spells.
The killer bee is struck by an arc of lightning!
You kill the killer bee!
Vehumet accepts your kill.
The wyvern is struck by an arc of lightning.
The wyvern is severely wounded.
The wraith is struck by an arc of lightning.
You are struck by an arc of lightning.
The lightning grounds out.
The wyvern is struck by an arc of lightning.
The wyvern is severely wounded.
You are struck by an arc of lightning.
* * * LOW HITPOINT WARNING * * *
The wraith is struck by an arc of lightning.
The wraith is lightly damaged.
You are struck by an arc of lightning.
* * * LOW HITPOINT WARNING * * *
The lightning grounds out.
You feel sick. The wyvern bites you!
* * * LOW HITPOINT WARNING * * *
The wraith closely misses you.
The wyvern bites you but does no damage.
The wraith misses you.
You feel much better.
You feel sick. The wyvern barely misses you. The wyvern misses you.
The wraith hits you. The wraith drains your vigour!
You feel as though you will be slow longer.
The wyvern bites you!
* * * LOW HITPOINT WARNING * * *
You feel better. The wyvern bites you!
You die...

#.................# #.#
#.#.#############.# #.# # #.#.#
#.# #.# # #.#.# ####.####.# #
#.#.# #.........# #### #>#.#
#.........######.## #.#.#
#.........#......## #.#.#
######.lW......#.####.# ##.#.#
#......@.......#.# #.# ...#.#
#.....###+####.#÷####.#
...#.#####.....###.#.........#.#
..†......'.....'...#.##..###.#.##
.#.#.#####.....###)..##........#.
...#.#############[#####.###.###.
..#................##............
..#########################.#)...
..#...............)..).)[)).'....


You could see a wraith and a wyvern.

Vanquished Creatures
  Gastronok (D:8)
  Jeremiah (D:6)
  Grinder (D:4)
  A yak (D:8)
  A wyvern (D:8)
  A water moccasin (D:7)
  An ice beast (D:7)
  4 sky beasts
  An orc warrior (D:8)
  2 ogres
  2 centaurs
  2 phantoms (D:5)
  4 kobold brigands
  2 bullfrogs (D:7)
  3 scorpions
  4 wights (D:8)
  6 killer bees
  2 hounds
  A jelly (D:8)
  2 orc priests
  A gnoll bouda (D:7)
  Ijyb (D:5)
  3 orc wizards
  11 gnolls
  2 river rats (Sewer)
  7 adders
  4 white imps
  2 ufetubi (D:7)
  3 dart slugs
  17 orcs
  8 endoplasms
  3 giant cockroaches
  3 goblins
  4 hobgoblins
  3 jackals (Sewer)
  2 quokkas
  7 ball pythons
  7 bats
  3 frilled lizards
  13 kobolds
  8 rats
154 creatures vanquished.

Vanquished Creatures (collateral kills)
  An orc warrior (D:8)
  An orc (D:8)
2 creatures vanquished.

Grand Total: 156 creatures vanquished

Notes
Turn   | Place    | Note
-------+----------+-------------------------------------------
     0 | D:1      | Ekaitz the Tengu Air Elementalist began the quest for the
                  | Orb.
     0 | D:1      | Reached XP level 1. HP: 10/10 MP: 4/4
   276 | D:1      | Reached XP level 2. HP: 15/15 MP: 4/6
  1042 | D:2      | Reached XP level 3. HP: 20/20 MP: 2/7
  1049 | D:2      | Reached skill level 5 in Air Magic
  1052 | D:2      | Learned a level 2 spell: Static Discharge
  1056 | D:2      | Learned a level 3 spell: Swiftness
  1763 | D:2      | Reached XP level 4. HP: 24/24 MP: 5/8
  2142 | D:3      | Reached skill level 1 in Fighting
  2205 | D:3      | Found a glowing drain.
  2272 | Sewer    | Entered a sewer
  2383 | Sewer    | Noticed a kobold brigand
  2427 | Sewer    | Killed a kobold brigand
  2428 | Sewer    | Reached skill level 6 in Air Magic
  2428 | Sewer    | Reached XP level 5. HP: 16/29 MP: 1/10
  2507 | Sewer    | Noticed a kobold brigand
  2538 | Sewer    | Killed a kobold brigand
  2539 | Sewer    | Reached XP level 6. HP: 25/35 MP: 4/11
  2565 | Sewer    | Found a white marble altar of Elyvilon.
  2875 | D:3      | Learned a level 4 spell: Airstrike
  3880 | D:4      | Found an ornate altar of the Wu Jian Council.
  3882 | D:4      | Found a glowing golden altar of the Shining One.
  4131 | D:4      | Reached skill level 7 in Air Magic
  4131 | D:4      | Gained mutation: Your magical flight helps you evade
                  | attacks. (EV +4) [Tengu growth]
  4131 | D:4      | Reached XP level 7. HP: 39/40 MP: 10/12
  4430 | D:4      | Noticed Grinder
  4437 | D:4      | Killed Grinder
  4629 | D:5      | Entered Level 5 of the Dungeon
  4780 | D:5      | Found a staircase to the Ecumenical Temple.
  4789 | Temple   | Entered the Ecumenical Temple
  4815 | Temple   | Became a worshipper of Vehumet
  4849 | D:5      | Reached skill level 1 in Short Blades
  4852 | D:5      | Learned a level 2 spell: Blink
  5094 | D:5      | Reached XP level 8. HP: 42/46 MP: 14/14
  5302 | D:5      | Noticed Ijyb
  5310 | D:5      | Killed Ijyb
  5631 | D:6      | Reached skill level 8 in Air Magic
  5960 | D:6      | Noticed Jeremiah
  5984 | D:6      | Killed Jeremiah
  5985 | D:6      | Reached skill level 1 in Translocations
  6456 | D:6      | Reached skill level 5 in Dodging
  6557 | D:6      | Reached skill level 9 in Air Magic
  6748 | D:7      | Reached XP level 9. HP: 50/52 MP: 6/16
  6954 | D:7      | Reached skill level 5 in Conjurations
  7362 | D:7      | Learned a level 4 spell: Summon Lightning Spire
  7632 | D:7      | Reached * piety under Vehumet
  7632 | D:7      | Offered knowledge of Magic Dart by Vehumet.
  7633 | D:7      | Reached skill level 5 in Spellcasting
  8057 | D:8      | Reached skill level 1 in Summonings
  8398 | D:8      | Noticed Gastronok
  8655 | D:8      | Reached skill level 10 in Air Magic
  8826 | D:8      | Reached skill level 5 in Fighting
  9155 | D:8      | Found a transporter.
  9157 | D:8      | Found Uroryniro's Antique Weapon Shop.
  9260 | D:8      | HP: 1/54 [/static electricity (2)]
  9261 | D:8      | Reached skill level 1 in Armour
  9261 | D:8      | Reached XP level 10. HP: 2/59 MP: 13/19
  9536 | D:8      | Found a transporter.
  9757 | D:8      | Killed Gastronok
 10351 | D:9      | Offered knowledge of Freeze by Vehumet.
 10354 | D:8      | HP: 1/59 [wyvern (11)]
 10356 | D:8      | Slain by a wyvern

Illustrated notes

Levels and vault maps discovered:
D:1:      dpeg_arrival_simpleton_b, layout_loops_ring
D:2:      layout_loops_ring, chequers_serial_rivers_small_b,
          kennysheep_small_spiral, serial_park_tiny_1
D:3:      layout_loops_corners, mainiacjoe_sewer_entry_somewhere_in_here_2
D:4:      layout_loops_ring, grunt_temple_overflow_open, uniq_grinder
D:5:      layout_loops_ring, minmay_temple_entry_sparse_star,
          minmay_misc_feat_doors, uniq_ijyb
D:6:      layout_gridville, uniq_jeremiah
D:7:      layout_gridville, kennysheep_flooded_box
D:8:      layout_basic, serial_shops, nicolae_shop_drivethru, uniq_gastronok
D:9:      layout_rooms, dpeg_oklobed_lair, serial_shops, shop_fountains
Temple:   mainiacjoe_temple_cubbyholes

Skill      XL: |  1  2  3  4  5  6  7  8  9 10 |
---------------+-------------------------------+-----
Air Magic      | 5 6 7 9 10 | 10.8
Conjurations   | 2 3 4 6 |  6.1
Fighting       | 1 2 3 5 |  5.4
Dodging        | 3 4 5 6 |  6.4
Spellcasting   | 3 4 5 |  5.8
Short Blades   | 1 2 |  2.1
Stealth        | 3 |  3.2
Translocations | 1 2 3 |  3.1
Summonings     | 2 3 |  3.4
Armour         | 1 |  1.9
Throwing       | |  0.8
Evocations     | |  0.1

Action                     |  1- 3 |  4- 6 |  7- 9 | 10-12 || total
---------------------------+-------+-------+-------+-------++-------
  Melee: Dagger            |     3 |    12 |    47 |    12 ||    74
         Peck              |     1 |     7 |    10 |     3 ||    21
         Long sword        |     1 |       |       |       ||     1
         Quarterstaff      |       |     9 |       |       ||     9
         Kick              |       |     3 |    12 |     3 ||    18
         Short sword       |       |     4 |       |       ||     4
         Punch             |       |     1 |       |     1 ||     2
  Throw: Dart              |       |    10 |     2 |     4 ||    16
         Javelin           |       |     1 |       |       ||     1
   Cast: Shock             |    48 |    90 |   182 |    21 ||   341
         Static Discharge  |       |     5 |    20 |     5 ||    30
         Airstrike         |       |       |    18 |     5 ||    23
         Summon Lightning  |       |       |     1 |       ||     1
  Evoke: Wand              |       |       |       |     4 ||     4
    Use: Potion            |       |     2 |       |     2 ||     4
   Stab: Sleeping          |     2 |     1 |     1 |       ||     4
 Armour: Robe              |     6 |    20 |    34 |       ||    60
         Leather armour    |       |       |    43 |    28 ||    71
  Dodge: Dodged            |     6 |    31 |    85 |    35 ||   157

Table legend: (Time is in decaauts)
 A = Elapsed time spent in this place.
 B = Non-inter-level travel time spent in this place.
 C = Inter-level travel time spent in this place.
 D = Time resting spent in this place.
 E = Time spent auto-exploring this place.
 F = Levels seen in this place.
 G = Mean time per level.
                   A        B        C        D        E       F      G
               +--------+--------+--------+--------+--------+-----+--------+
         Total |  10492 |   9980 |    512 |   1062 |   7499 |  11 |  953.8 |
       Dungeon |   9962 |   9499 |    463 |   1003 |   7326 |   9 | 1106.9 |
        Temple |     50 |      1 |     49 |      0 |      0 |   1 |   50.0 |
         Sewer |    479 |    479 |      0 |     59 |    173 |   1 |  479.0 |
               +--------+--------+--------+--------+--------+-----+--------+

Top non-repeatable levels by time:
     D:8: 2271 daAuts
     D:7: 1368 daAuts
     D:3: 1306 daAuts
     D:6: 1085 daAuts
     D:2: 1068 daAuts
     D:4: 995 daAuts
     D:5: 913 daAuts
     D:1: 878 daAuts
   Sewer: 479 daAuts
     D:9: 74 daAuts
  Temple: 50 daAuts
